 Dungeon Crawl Stone Soup version 0.21.1 (webtiles) character file.

149 Santangelo the Charlatan (level 5, -1/44 HPs)
             Began as a Deep Dwarf Artificer on Feb 4, 2018.
             Was an Initiate of Ashenzari.
             Succumbed to Ymberto's ghost's poison
             ... on level 3 of the Dungeon.
             The game lasted 00:21:41 (1765 turns).

Santangelo the Charlatan (Deep Dwarf Artificer)     Turns: 1765, Time: 00:21:42

Health: -1/44      AC: 12    Str: 17    XL:     5   Next: 9%
Magic:  8/8        EV:  8    Int: 11    God:    Ashenzari [......]
Gold:   98         SH:  0    Dex: 13    Spells: 4/4 levels left

rFire    + . .     SeeInvis .   n - +0 hand axe
rCold    . . .     Gourm    .   (no shield)
rNeg     . . .     Faith    .   l - +2 chain mail (curse)
rPois    .         Spirit   .   (no helmet)
rElec    .         Reflect  .   (no cloak)
rCorr    .         Harm     .   j - +0 pair of gloves
MR       .....                  (no boots)
Stlth    ..........             (no amulet)
HPRegen  0.00/turn              h - ring of protection from fire
MPRegen  0.11/turn              (no ring)

@: lethally poisoned (-1 -> -35), non-regenerating
A: damage resistance, heal wounds, sense surroundings 1, no regeneration
a: Heal Wounds, Curse Item, Renounce Religion


You were on level 3 of the Dungeon.
You worshipped Ashenzari.
Ashenzari was noncommittal.
You were not hungry.

You visited 1 branch of the dungeon, and saw 3 of its levels.

You collected 98 gold pieces.

Inventory:

Hand Weapons
 n - a +0 hand axe (weapon)
Armour
 j - a +0 pair of gloves (worn)
 l - a cursed +2 chain mail (worn)
Jewellery
 h - a ring of protection from fire (left hand)
Wands
 c - a wand of flame (11)
 d - a wand of enslavement (13)
 e - a wand of random effects (12)
Scrolls
 r - a scroll of teleportation
 s - 2 scrolls of immolation
Potions
 b - a potion of invisibility
 i - 2 potions of flight
 p - a potion of heal wounds
Comestibles
 f - 4 rations
 g - 2 chunks of flesh


   Skills:
 * Level 1.5 Fighting
   Level 0.8 Short Blades
 * Level 2.5 Axes
 * Level 2.5 Armour
 + Level 2.6 Dodging
 + Level 1.2 Stealth
 * Level 5.2 Evocations


You had 4 spell levels left.
You didn't know any spells.

Dungeon Overview and Level Annotations

Branches:
Dungeon (3/15)

Altars:
Ashenzari

Annotations:
D:3 Ymberto's ghost, amateur NaMo


Innate Abilities, Weirdness & Mutations

You are resistant to damage.
You can heal yourself by infusing magical energy.
You passively map a small area around you.
You do not regenerate.


Message History

Ymberto's ghost is heavily damaged.
You closely miss the kobold.
* * * LOW HITPOINT WARNING * * *
You feel very sick.
Ymberto's ghost hits you but does no damage.
You are more poisoned.
The kobold hits you but does no damage.
You hit Ymberto's ghost but do no damage.
Ymberto's ghost is heavily damaged.
You hit the kobold.
* * * LOW HITPOINT WARNING * * *
You feel very sick. Ymberto's ghost hits you.
* * * LOW HITPOINT WARNING * * *
You are more poisoned.
The kobold closely misses you.
You hit Ymberto's ghost.
Ymberto's ghost is severely damaged.
You closely miss the kobold.
You die...

#.# #........
#.###.####### *
#............,
#####.#######
#.#..,,, ,, #.#.# * *
* #######.#.# ## *
........#.###.... *
,,,.......@..........
* ......KW#.###....#
* .......w#.###....#
..................
*........#.######## *
* ........#.#
........#.#
#######.#.# * * ,,
....?


You could see Ymberto's ghost, a dart slug and a kobold.

Vanquished Creatures
  3 adders (D:2)
  An ooze (D:1)
  A dart slug (D:1)
  2 leopard geckos
  6 giant cockroaches
  7 goblins
  8 hobgoblins
  2 quokkas
  A ball python (D:1)
  4 bats
  4 frilled lizards
  A kobold (D:1)
  5 rats
45 creatures vanquished.

Vanquished Creatures (collateral kills)
  A scorpion (D:2)
1 creature vanquished.

Grand Total: 46 creatures vanquished

Notes
Turn   | Place    | Note
-------+----------+-------------------------------------------
     0 | D:1      | Santangelo the Deep Dwarf Artificer began the quest for the Orb.
     0 | D:1      | Reached XP level 1. HP: 16/16 MP: 3/3
    89 | D:1      | Reached skill level 1 in Fighting
    89 | D:1      | Reached XP level 2. HP: 15/25 MP: 5/5
   415 | D:1      | Found a shattered altar of Ashenzari.
   432 | D:1      | Became a worshipper of Ashenzari the Shackled
   692 | D:1      | Reached skill level 5 in Evocations
   937 | D:1      | Reached XP level 3. HP: 29/31 MP: 6/6
  1066 | D:2      | Reached skill level 1 in Armour
  1254 | D:2      | Reached skill level 1 in Axes
  1271 | D:2      | Noticed a scorpion
  1293 | D:2      | Killed a scorpion
  1293 | D:2      | Reached XP level 4. HP: 18/38 MP: 7/7
  1337 | D:2      | Reached XP level 5. HP: 18/44 MP: 8/8
  1703 | D:3      | Noticed Ymberto's ghost (amateur NaMo)
  1765 | D:3      | Succumbed to Ymberto's ghost's poison

Skill      XL: |  1  2  3 |
---------------+----------+-----
Fighting       | 1 |  1.5
Evocations     | 5 |  5.2
Armour         | 2 |  2.5
Axes           | 2 |  2.5
Short Blades   | |  0.8
Dodging        | |  2.6
Stealth        | |  1.2

Action                   |  1- 3 |  4- 6 || total
-------------------------+-------+-------++-------
Melee: Short sword       |    90 |       ||    90
       Hand axe          |   112 |    71 ||   183
 Abil: Heal Wounds       |     3 |     4 ||     7
Evoke: Wand              |     3 |     6 ||     9
  Use: Scroll            |       |    10 ||    10
       Potion            |       |     2 ||     2
  Eat: Chunk             |     2 |     1 ||     3
Armor: Leather armour    |    18 |       ||    18
       Chain mail        |    96 |    54 ||   150
Dodge: Dodged            |    97 |    40 ||   137
